AoeStats
← WarSong

MegaRandom

507786551Analyzed
3v3 RM · 11d ago on Sep 19, 2026· 30m 43s· 6 players
Game mode
Random Map
Map size
Normal (6 player)
Population
200
Speed
Normal
Resources
Standard
Victory
Conquest
Starting age
Dark Age
Ending age
Imperial Age
RankedLock teamsTeams togetherTeam positionsShared explorationLock speedFull tech treeHidden civsTurbo modeCheats
Victory
Defeat
🇨🇦 Inca · Canada
891
+13
🇨🇦 Spanish · Canada
885
+13
🇨🇦 Gurjaras · Canada
775
+16
🇻🇳 Huns · Vietnam
811
-37
🇻🇳 Maya · Vietnam
811
-37
🇻🇳 Chinese · Vietnam
811
-37
Ramu Chi
14:16 Feudal Age
23:48 Castle Age
22:41 Scale Mail Armor
Willie Rove
14:15 Feudal Age
12:32 Loom
18:42 Wheelbarrow
18:13 Horse Collar
20:17 Double-Bit Axe
27:35 Castle Age
29:01 Bow Saw
Beticon
20:39 Feudal Age
25:46 Wheelbarrow
25:14 Double-Bit Axe
Balaam
13:50 Feudal Age
14:27 Champi Runner
14:52 Arson
15:48 Forging
18:21 Scale Mail Armor
22:40 Double-Bit Axe
24:01 Gold Mining
27:54 Castle Age
25:55 Horse Collar
26:08 Stone Mining
28:11 Champi Warrior
28:52 Squires
29:38 Iron Casting
29:19 Chain Mail Armor
WarSong
8:41 Feudal Age
10:12 Double-Bit Axe
11:15 Horse Collar
12:50 Gold Mining
17:36 Arson
20:14 Castle Age
19:33 Stone Mining
27:13 Scale Barding Armor
27:09 Scale Mail Armor
28:23 Husbandry
28:34 Bloodlines
29:30 Chain Mail Armor
29:30 Forging
DingleDwarf69
13:17 Feudal Age
14:48 Double-Bit Axe
16:07 Wheelbarrow
21:50 Castle Age
19:56 Stone Mining
19:57 Gold Mining
27:20 Stone Shaft Mining
27:46 Hand Cart
27:18 Town Watch
29:22 Padded Archer Armor
Connection lost

Rejoining the realm…

Still unreachable

The connection could not be restored.

Session expired

The server has moved on; the page needs a fresh start.